 Dungeon Crawl Stone Soup version 0.29-a0-962-gc8bbfd0a37 (webtiles) character file.

Game seed: 8867535649196366752

4006 vineage the Protected (level 10, -2/66 HPs)
             Began as a Gargoyle Fighter on July 30, 2022.
             Was a Believer of Okawaru.
             Killed by divine providence
             ... invoked by an orc priest
              (10 damage)
             ... on level 8 of the Dungeon.
             The game lasted 00:07:41 (8587 turns).

vineage the Protected (Gargoyle Fighter)            Turns: 8587, Time: 00:07:43

Health: -2/66      AC: 28    Str: 33    XL:     10   Next: 23%
Magic:  1/1        EV:  6    Int: 13    God:    Okawaru [**....]
Gold:   491        SH: 15    Dex: 13    Spells: 9/9 levels left

rFire   . . .      SeeInvis +   p - +10 hand axe of the Pharaoh's Fist {drain, Dex+2 SInv}
rCold   . . .      Faith    .   A - +0 tower shield of Dishonesty {rElec rPois Str+10 Slay-6}
rNeg    + . .      Spirit   .   l - +6 chain mail of the Lizard {rPois MP-9 Int+3 Dex+2}
rPois   ∞          Reflect  .   (no helmet)
rElec   +          Harm     .   (no cloak)
rCorr   .          Rampage  .   (no gloves)
Will    .....                   (no boots)
Stlth   ..........              (no amulet)
HPRegen 0.21/turn               j - +4 ring of protection
MPRegen 0.07/turn               (no ring)

@: no status effects
A: sickness immunity, AC +7, negative energy resistance 1, electricity
resistance, torment resistance 1, petrification resistance
a: Renounce Religion, Heroism


You were on level 8 of the Dungeon.
You worshipped Okawaru.
Okawaru was pleased with you.
You visited 2 branches of the dungeon, and saw 9 of its levels.

You collected 491 gold pieces.

Inventory:

Hand Weapons
 a - a +1 flail
 d - a +3 spectral whip
 p - the +10 hand axe of the Pharaoh's Fist (weapon) {drain, Dex+2 SInv}
   (You found it on level 5 of the Dungeon)

   A truly terrible weapon, it drains the life of any living foe it strikes.
   Dex:       It affects your dexterity (+2).
   SInv:      It lets you see invisible.
Armour
 c - a +1 buckler
 l - the +6 chain mail of the Lizard (worn) {rPois MP-9 Int+3 Dex+2}
   (You found it on level 3 of the Dungeon)

   Int:       It affects your intelligence (+3).
   Dex:       It affects your dexterity (+2).
   rPois:     It protects you from poison.
   MP:        It affects your magic capacity (-9).
 A - the +0 tower shield of Dishonesty (worn) {rElec rPois Str+10 Slay-6}
   (You found it on level 8 of the Dungeon)

   Str:       It affects your strength (+10).
   Slay:      It affects your accuracy & damage with ranged weapons and melee
   (-6).
   rElec:     It insulates you from electricity.
   rPois:     It protects you from poison.
Jewellery
 j - a +4 ring of protection (left hand)
 q - a ring of resist corrosion
 v - a +6 ring of strength
 w - an amulet of reflection
 B - a ring of wizardry
 E - a ring of positive energy
Wands
 n - a wand of iceblast (5)
 u - a wand of acid (18)
 D - a wand of flame (30)
Scrolls
 b - 3 scrolls of teleportation
 h - 2 scrolls of brand weapon
 o - a scroll of magic mapping {unknown}
 s - 3 scrolls of poison {unknown}
 t - 2 scrolls of identify
 x - a scroll of blinking {unknown}
 y - a scroll of fear
 C - a scroll of butterflies {unknown}
Potions
 e - 2 potions of mutation
 f - a potion of brilliance
 g - a potion of haste {unknown}
 i - a potion of attraction
 k - 3 potions of magic
 m - 2 potions of cancellation
 r - 3 potions of heal wounds
 z - a potion of curing
 F - 2 potions of flight {unknown}


   Skills:
 + Level 9.1 Fighting
 - Level 5.9 Maces & Flails
 + Level 9.1 Armour
 + Level 9.1 Shields


You had 9 spell levels left.
You didn't know any spells.
Your spell library contained the following spells:

 Spells                   Type           Power      Damage    Failure   Level
 Freeze                   Ice            0%         1d3       100%        1
 Dazzling Flash           Conj/Hex       0%         N/A       100%        3
 Frozen Ramparts          Ice            0%         1d2       100%        3
 Hailstorm                Conj/Ice       0%         3d3       100%        4
 Agony                    Necr           0%         N/A       100%        5
 Silence                  Hex/Air        0%         N/A       100%        5


Dungeon Overview and Level Annotations

Branches:
Dungeon (8/15)             Temple (1/1) D:6
   Lair: D:8-11

Altars:
Ashenzari
Cheibriados
Dithmenos
Elyvilon
Fedhas
Gozag
Hepliaklqana
Kikubaaqudgha
Makhleb
Nemelex Xobeh
Okawaru
Qazlal
Ru
Sif Muna
Trog
Uskayaw
Vehumet
Wu Jian
Xom
Yredelemnul
Zin
The Shining One

Annotations:
D:8 1 transporter


Innate Abilities, Weirdness & Mutations

You are immune to sickness and miasma.
Your stone body is resilient. (AC +7)
You are immune to poison.
You resist negative energy. (rN+)
You are resistant to electric shocks. (rElec)
You are resistant to unholy torment.
You are immune to petrification.


Message History

You enter the shallow water.
Moving in this stuff is going to be slow.
A nearby plant withers and dies. x2
The shadow imp hits you but does no damage.
The shadow imp attacks as you move away!
You block the shadow imp's attack. The white imp attacks as you move away!
The white imp hits you but does no damage.
The crimson imp blinks!
The white imp hits you. The white imp freezes you.
The shadow imp shouts, "Get thee hence, thou bootless tickle-brained brigand!"
The orc priest looks satisfied for a moment.
The orc priest invokes the aid of Beogh against you.
Beogh smites you!
* * * LOW HITPOINT WARNING * * *
The crimson imp blinks!
There is an open door here.
The shadow imp attacks as you move away!
You block the shadow imp's attack.
The orc priest miscasts a cantrip.
The shadow imp shouts, "Get thee gone, thou rough-hewn folly-fallen buzzard-bait!"
The white imp gestures at you.
The puff of frost hits you but does no damage.
The shadow imp gestures at you.
You struggle to resist.
You slash the shadow imp!
You kill the shadow imp!
The shadow imp disappears in a puff of smoke!
You hit the plant.
The plant begins to die.
You drain the plant. You hit the plant.
The plant begins to die.
You drain the plant.
The shadow imp shouts, "Decamp, thou horrid toot-wallowing gonus!"
You hit the white imp.
The white imp is moderately wounded.
You slash the plant! You drain the plant. You slash the plant!
You block the white imp's attack.
You slash the white imp!
You kill the white imp!
The white imp disappears in a puff of smoke!
You hit the plant. You drain the plant. You slash the plant!
The orc priest calls down the wrath of Beogh upon you.
Beogh smites you!
You die...

#.# ##......#.≈...≈.#..###.....
#.###.#>###.#.≈...≈.#..# #.....
#.##.###.##.#.≈≈≈≈≈.#..#####.##
###.#.## ##...#.≈≈⌠≈≈K#..........
.......###.##.#5≈≈≈≈≈5#.######.##
#######.#.....#o≈...≈o#.# #.## #
#..####.#o≈...≈o#.######.## #
#.## #.####5####........## # #.#
#.#P@§...P#.######### # #.#
#.#8P.©.P8#.# # # #.#
#.#########.# # # #.#
#.....©.....# # # #.#
###.....##### #### # #.# #....##
#... # #.# #.#### #.## # #.# #.#
#.# # #.#######.# #.#


You could see a kobold demonologist, 4 orc priests, a crimson imp (summoned) and
2 shadow imps.

Vanquished Creatures
  Joseph (D:7)
  Maggie (D:8)
  Grum (D:8)
  A steam dragon (D:7)
  4 water moccasins
  Duvessa (D:4)
  A black bear (D:4)
  2 ogres (D:6)
  An ice beast (D:5)
  3 wolves (D:8)
  A centaur (D:7)
  A kobold brigand (D:7)
  A phantom (D:5)
  3 bullfrogs
  A necrophage (D:4)
  2 gnoll sergeants
  3 scorpions
  8 wights
  Dowan (D:4)
  3 killer bees (D:8)
  2 howler monkeys
  2 jellies
  A hound (D:5)
  2 orc priests
  5 iguanas
  2 orc wizards (D:5)
  8 gnolls
  3 adders
  A shadow imp (D:6)
  An ufetubus (D:6)
  2 worms
  5 dart slugs
  7 orcs
  8 ball pythons
  5 bats
  5 endoplasms
  A giant cockroach (D:2)
  10 goblins
  6 hobgoblins
  3 jackals (D:3)
  15 kobolds
  5 quokkas
  A frilled lizard (D:3)
  4 rats
144 creatures vanquished.

Vanquished Creatures (others)
  2 plants (D:8)
2 creatures vanquished.

Grand Total: 146 creatures vanquished

Notes
Turn   | Place    | Note
-------+----------+-------------------------------------------
     0 | D:1      | vineage the Gargoyle Fighter began the quest for the Orb.
     0 | D:1      | Reached XP level 1. HP: 14/14 MP: 1/1
   393 | D:1      | Reached XP level 2. HP: 11/19 MP: 2/2
   892 | D:1      | Reached XP level 3. HP: 23/23 MP: 3/3
  1811 | D:2      | Reached XP level 4. HP: 29/29 MP: 4/4
  1812 | D:2      | Found a faded altar of an unknown god.
  2429 | D:3      | Identified the +6 chain mail of the Lizard {rPois MP-9
                  | Int+3 Dex+2}
  2798 | D:4      | Noticed a black bear
  2803 | D:4      | Killed a black bear
  2804 | D:4      | Reached XP level 5. HP: 30/33 MP: 0/5
  2923 | D:4      | Reached XP level 6. HP: 29/39 MP: 0/6
  3189 | D:4      | Noticed Duvessa
  3224 | D:4      | Killed Duvessa
  3225 | D:4      | Reached XP level 7. HP: 8/44 MP: 0/7
  3676 | D:4      | Found a basalt altar of Yredelemnul.
  3677 | D:4      | Found an ornate altar of the Wu Jian Council.
  3677 | D:4      | Found a shimmering blue altar of Sif Muna.
  3693 | D:4      | Found a stormy altar of Qazlal.
  3693 | D:4      | Found a hazy altar of Hepliaklqana.
  3694 | D:4      | Found a white marble altar of Elyvilon.
  3867 | D:4      | Noticed Dowan
  3888 | D:4      | Killed Dowan
  3889 | D:4      | Reached skill level 5 in Fighting
  3889 | D:4      | Reached skill level 5 in Maces & Flails
  4141 | D:5      | Entered Level 5 of the Dungeon
  4241 | D:5      | Reached skill level 5 in Armour
  4250 | D:5      | Reached skill level 5 in Shields
  5156 | D:5      | Identified the +4 falchion of the Summoning Seer {vorpal,
                  | Drain rElec Int+4}
  5216 | D:5      | Reached XP level 8. HP: 50/50 MP: 0/8
  5688 | D:5      | Identified the +10 hand axe of the Pharaoh's Fist {drain,
                  | Dex+2 SInv}
  5855 | D:6      | Found a staircase to the Ecumenical Temple.
  5916 | Temple   | Entered the Ecumenical Temple
  6201 | D:6      | You fall into a shaft and drop 1 floor!
  6252 | D:7      | Noticed Joseph
  6271 | D:7      | Killed Joseph
  6272 | D:7      | Reached XP level 9. HP: 30/56 MP: 0/9
  6828 | D:6      | Found a blossoming altar of Fedhas.
  6978 | D:7      | Found an iron altar of Okawaru.
  6978 | D:7      | Found a bloodstained altar of Trog.
  6990 | D:7      | Became a worshipper of Warmaster Okawaru
  7774 | D:8      | Reached * piety under Okawaru
  7791 | D:8      | Noticed Grum
  7805 | D:8      | Killed Grum
  7815 | D:8      | Reached XP level 10. HP: 61/65 MP: 1/10
  7873 | D:8      | Reached ** piety under Okawaru
  7955 | D:8      | Noticed a kobold demonologist
  7957 | D:8      | Found a transporter.
  7961 | D:8      | Found a transporter.
  8223 | D:8      | Identified the +0 tower shield of Dishonesty {rElec rPois
                  | Str+10 Slay-6}
  8330 | D:8      | Noticed Maggie
  8343 | D:8      | Killed Maggie
  8587 | D:8      | Killed from afar by an orc priest

Illustrated notes

Levels and vault maps discovered:
D:1:      amcnicky_arrival_abandoned_market, layout_basic
D:2:      layout_basic, chequers_ecumenical_altar_simple
D:3:      layout_basic
D:4:      layout_basic, grunt_temple_overflow_open, mrwooster_statue_mirror,
          uniq_duvessa
D:5:      layout_basic
D:6:      layout_loops_cross, lemuel_coloured_pillars_altar,
          minmay_temple_entry_grid
D:7:      layout_basic, grunt_temple_overflow_bloody_war, uniq_joseph
D:8:      gammafunk_wand_slinger, layout_loops_ring, minivault_10, uniq_grum,
          uniq_maggie
Temple:   nicolae_temple_bog_church

Skill      XL: |  1  2  3  4  5  6  7  8  9 10 |
---------------+-------------------------------+-----
Maces & Flails | 3 4 5 |  5.9
Fighting       | 4 5 6 8 9 |  9.1
Armour         | 4 5 6 8 9 |  9.1
Shields        | 4 5 6 8 9 |  9.1

Action                   |  1- 3 |  4- 6 |  7- 9 | 10-12 || total
-------------------------+-------+-------+-------+-------++-------
Melee: Flail             |   144 |   156 |    88 |       ||   388
       Whip              |       |       |    50 |       ||    50
       Hand axe          |       |       |   152 |    32 ||   184
  Use: Scroll            |     3 |     7 |     4 |       ||    14
       Potion            |       |     2 |     1 |     1 ||     4
Armor: Scale mail        |    93 |    38 |       |       ||   131
       Chain mail        |       |    50 |   196 |    25 ||   271
Dodge: Dodged            |    80 |    63 |    96 |    13 ||   252
Block: Buckler           |    29 |    47 |    90 |     5 ||   171
       Tower shield      |       |       |       |    18 ||    18

Table legend: (Time is in decaauts)
 A = Elapsed time spent in this place.
 B = Non-inter-level travel time spent in this place.
 C = Inter-level travel time spent in this place.
 D = Time resting spent in this place.
 E = Time spent auto-exploring this place.
 F = Levels seen in this place.
 G = Mean time per level.
                   A        B        C        D        E       F      G
               +--------+--------+--------+--------+--------+-----+--------+
         Total |   8720 |   8458 |    262 |    896 |   6245 |   9 |  968.9 |
       Dungeon |   8511 |   8290 |    221 |    896 |   6088 |   8 | 1063.9 |
        Temple |    209 |    168 |     41 |      0 |    157 |   1 |  209.0 |
               +--------+--------+--------+--------+--------+-----+--------+

Top non-repeatable levels by time:
     D:5: 1583 daAuts
     D:1: 1389 daAuts
     D:4: 1367 daAuts
     D:7: 1135 daAuts
     D:8: 832 daAuts
     D:2: 777 daAuts
     D:6: 727 daAuts
     D:3: 699 daAuts
  Temple: 209 daAuts
